 Dungeon Crawl Stone Soup version 0.26-a0-1181-gd376ed14c5 (webtiles) character file.

Game seed: 14409303362903966693

17 sanka the Skirmisher (level 2, -1/27 HPs)
             Began as a Ghoul Monk on Dec 26, 2020.
             Slain by an ooze (2 damage)
             ... on level 2 of the Dungeon.
             The game lasted 00:00:48 (880 turns).

sanka the Skirmisher (Ghoul Monk)                    Turns: 880, Time: 00:00:49

Health: -1/27      AC:  2    Str: 14    XL:     2   Next: 62%
Magic:  1/1        EV: 12    Int:  5    God:
Gold:   43         SH:  0    Dex: 11    Spells: 1/1 levels left

rFire    . . .     SeeInvis .   a - +0 hand axe
rCold    + . .     Faith    .   (no shield)
rNeg     + + +     Spirit   .   b - +0 robe
rPois    ∞         Reflect  .   (no helmet)
rElec    .         Harm     .   (no cloak)
rCorr    .         Rampage  .   (no gloves)
Will     .....                  (no boots)
Stlth    ++........             d - amulet of regeneration
HPRegen  0.00/turn              (no ring)
MPRegen  0.07/turn              (no ring)

@: no status effects
A: claws 1, cold resistance 1, negative energy resistance 3, inhibited
regeneration, torment resistance, unbreathing
a: no special abilities


You were on level 2 of the Dungeon.
You visited 1 branch of the dungeon, and saw 2 of its levels.

You collected 43 gold pieces.


Innate Abilities, Weirdness & Mutations

You thrive by killing the living.
You are immune to poison.
You have sharp fingernails.
Your flesh is cold resistant. (rC+)
You are immune to negative energy. (rN+++)
You do not regenerate when monsters are visible.
You are immune to unholy pain and torment.
You can survive without breathing.


   Skills:
 - Level 4.0 Fighting
 + Level 3.0 Axes
 - Level 2.6 Dodging
 - Level 2.1 Stealth


You had one spell level left.
You didn't know any spells.
Your spell library was empty.

Inventory:

Hand Weapons
 a - a +0 hand axe (weapon)
Missiles
 g - 5 javelins (quivered)
Armour
 b - a +0 robe (worn)
Jewellery
 d - an amulet of regeneration (around neck)
Scrolls
 c - 2 scrolls of random uselessness {unknown}
 f - a scroll of blinking {unknown}
Potions
 e - 2 potions of attraction {unknown}
 h - a potion of ambrosia {unknown}
 i - a potion of flight {unknown}

Dungeon Overview and Level Annotations

Branches:
Dungeon (2/15)

Altars:

▒......£▒
▒.......▒
▒.>.....▒
▒.......▒▒▒▒
..........▒
▒........▒▒
▒..†S......
▒..n.......
▒.Jl.......
▒!.........
...........▒▒
▒▒▒▒..........
..........▒
............
.......▒..▒..
........▒▒.▒.<


You could see an ooze, an adder and a leopard gecko.


Message History

The jackal bites you. The leopard gecko closely misses you.
Your Axes skill increases to level 3!
You hit the adder.
The adder is heavily wounded.
You closely miss the leopard gecko. You hit the ooze.
You closely miss the jackal. The jackal bites you. The ooze hits you.
* * * LOW HITPOINT WARNING * * *
The adder bites you.
* * * LOW HITPOINT WARNING * * *
The leopard gecko bites you.
* * * LOW HITPOINT WARNING * * *
The jackal bites you but does no damage.
You miss the adder.
The adder is heavily wounded.
You hit the leopard gecko but do no damage.
You hit the ooze. You hit the jackal.
You kill the jackal!
The adder barely misses you. The ooze barely misses you.
The leopard gecko barely misses you. The adder bites you.
* * * LOW HITPOINT WARNING * * *
The ooze jiggles.
The ooze hits you.
You die...

Action                   || total
-------------------------++-------
Melee: Hand axe          ||    40
 Stab: Sleeping          ||     5
Armor: Robe              ||     4
Dodge: Dodged            ||    36

Levels and vault maps discovered:
D:1:      tarquinn_simple_flora_water_f, layout_loops_corners,
          minmay_fountain_box
D:2:      layout_rooms, kiku_gazebo_garden_becter, general_overflow_altar,
          chequers_ecumenical_altar_simple_redux, hex_intersection,
          st_stairs_11, uniq_sigmund

Notes
Turn   | Place    | Note
-------+----------+-------------------------------------------
     0 | D:1      | sanka the Ghoul Monk began the quest for the Orb.
     0 | D:1      | Reached XP level 1. HP: 19/19 MP: 0/0
   178 | D:1      | Reached XP level 2. HP: 27/27 MP: 1/1
   374 | D:1      | Reached skill level 4 in Fighting
   879 | D:2      | Reached skill level 3 in Axes
   880 | D:2      | HP: 1/27 [adder (3)]
   880 | D:2      | Slain by an ooze

Vanquished Creatures
  A dart slug (D:1)
  2 giant cockroaches (D:1)
  2 hobgoblins (D:1)
  4 jackals (D:2)
  3 kobolds (D:1)
  A frilled lizard (D:1)
  A rat (D:1)
14 creatures vanquished.
